 Dungeon Crawl Stone Soup version 0.22-a0-398-g8bb545f (webtiles) character file.

815 emperorscorpion the Cudgeler (level 7, -2/44 HPs)
             Began as a Gargoyle Fighter on May 5, 2018.
             Was an Initiate of Cheibriados.
             Slain by an orc warrior
             ... wielding a +0 battleaxe
              (20 damage)
             ... on level 6 of the Dungeon.
             The game lasted 00:09:39 (4676 turns).

emperorscorpion the Cudgeler (Gargoyle Fighter)     Turns: 4676, Time: 00:09:40

Health: -2/44      AC: 18    Str: 23    XL:     7   Next: 94%
Magic:  7/7        EV:  5    Int:  9    God:    Cheibriados [......]
Gold:   185        SH: 10    Dex: 10    Spells: 6/6 levels left

rFire    + . .     SeeInvis .   a - +0 flail
rCold    . . .     Gourm    .   c - +0 shield
rNeg     + + .     Faith    .   t - +0 plate armour
rPois    ∞         Spirit   .   (no helmet)
rElec    +         Reflect  .   (no cloak)
rCorr    .         Harm     .   D - +0 pair of gloves
MR       .....                  (no boots)
Stlth    ..........             w - amulet of magic regeneration
HPRegen  0.14/turn              h - ring of protection from fire
MPRegen  0.35/turn              n - ring of positive energy

@: starving, very slow
A: negative energy resistance 1, electricity resistance, unbreathing,
petrification resistance, rot immunity, AC +4
a: Bend Time, Renounce Religion


You were on level 6 of the Dungeon.
You worshipped Cheibriados.
Cheibriados was noncommittal.
You were starving.

You visited 1 branch of the dungeon, and saw 6 of its levels.

You collected 185 gold pieces.

Inventory:

Hand Weapons
 a - a +0 flail (weapon)
Missiles
 g - 11 tomahawks (quivered)
 y - 3 needles of confusion
 C - 8 tomahawks of dispersal
Armour
 b - a +0 scale mail
 c - a +0 shield (worn)
 t - a +0 plate armour (worn)
 D - a +0 pair of gloves (worn)
Jewellery
 h - a ring of protection from fire (left hand)
 n - a ring of positive energy (right hand)
 w - an amulet of magic regeneration (around neck)
Wands
 e - a wand of acid (7)
Scrolls
 i - 4 scrolls of remove curse
 j - a scroll of noise {unknown}
 q - 2 scrolls of immolation
 s - 2 scrolls of amnesia
 v - a scroll of blinking {unknown}
 x - 2 scrolls of identify
 z - a scroll of summoning {unknown}
 A - a scroll of fear {unknown}
 B - a scroll of random uselessness {unknown}
Potions
 d - 3 potions of might
 k - 2 potions of heal wounds
 l - 2 potions of agility {unknown}
 m - a potion of mutation
 o - a potion of brilliance
 p - a potion of curing {unknown}
 r - 3 potions of invisibility {unknown}
 u - a potion of flight {unknown}
Comestibles
 f - 12 rations


   Skills:
 + Level 4.6 Fighting
 + Level 6.0 Maces & Flails
 + Level 4.8 Armour
 + Level 1.3 Dodging
 + Level 0.9 Stealth
 + Level 5.4 Shields


You had 6 spell levels left.
You didn't know any spells.

Dungeon Overview and Level Annotations

Branches:
Dungeon (6/15)             Temple (0/1) D:4

Altars:
Cheibriados
Dithmenos
Fedhas
Hepliaklqana
Kikubaaqudgha
Makhleb
Okawaru
Qazlal
Trog
Zin


Innate Abilities, Weirdness & Mutations

You are resistant to torment.
Your stone body is resilient. (AC +4)
You are immune to poison.
You resist negative energy. (rN+)
You are resistant to electric shocks. (rElec)
You can survive without breathing.
You are immune to petrification.
You are immune to rotting.


Message History

The weapon returns to the orc warrior!
Your shield and plate armour prevent you from hitting the orc warrior.
You block the orc's attack. The orc warrior barely misses you.
Your shield and plate armour prevent you from hitting the orc warrior.
You block the orc's attack.
The orc warrior hits you with a battleaxe!
You hit the orc warrior but do no damage.
The orc barely misses you. You block the orc warrior's attack.
The orc hits you but does no damage.
You closely miss the orc warrior. You block the orc's attack.
The orc warrior hits you but does no damage.
You barely miss the orc warrior. You block the orc's attack.
You block the orc warrior's attack.
You sock the orc warrior!
The orc warrior is heavily wounded.
The orc hits you but does no damage.
You barely miss the orc warrior.
The orc warrior is heavily wounded.
The orc warrior hits you with a battleaxe!!
You die...

### ########### #..
..#......# #.#
#.#.####.# ##
#.#####)#.####.#
...##.##........##.#
#....≈...##.#.#o##.#
##.##)#####.#...@..#
.. #.<.....###o####
# ######### #.# #.#
.. #. ##


You could see an orc warrior and an orc.

Vanquished Creatures
  A phantom (D:4)
  A sky beast (D:6)
  An ice beast (D:6)
  3 ogres
  A crimson imp (D:5)
  2 orc priests (D:5)
  A centaur skeleton (D:5)
  8 adders
  An ooze (D:5)
  5 worms
  A dart slug (D:2)
  6 leopard geckos
  7 orcs
  A giant cockroach (D:1)
  9 goblins
  11 hobgoblins
  3 jackals (D:4)
  6 kobolds
  2 quokkas
  2 ball pythons
  5 bats
  3 frilled lizards
  7 rats
  A bush (D:3)
88 creatures vanquished.

Notes
Turn   | Place    | Note
-------+----------+-------------------------------------------
     0 | D:1      | emperorscorpion the Gargoyle Fighter began the quest for the Orb.
     0 | D:1      | Reached XP level 1. HP: 14/14 MP: 1/1
   178 | D:1      | Reached XP level 2. HP: 19/19 MP: 2/2
   684 | D:2      | Reached XP level 3. HP: 23/23 MP: 3/3
   876 | D:2      | Found a bloodstained altar of Trog.
   981 | D:2      | Reached XP level 4. HP: 25/28 MP: 4/4
  1186 | D:2      | Reached skill level 3 in Maces & Flails
  1550 | D:3      | Found a blossoming altar of Fedhas.
  1552 | D:3      | Found a stormy altar of Qazlal.
  1986 | D:3      | Found a shadowy altar of Dithmenos.
  2463 | D:3      | Reached skill level 1 in Dodging
  2478 | D:3      | Reached XP level 5. HP: 33/33 MP: 5/5
  2740 | D:4      | Found a hazy altar of Hepliaklqana.
  2743 | D:4      | Found a glowing silver altar of Zin.
  2752 | D:4      | Found a snail-covered altar of Cheibriados.
  2755 | D:4      | Found an ancient bone altar of Kikubaaqudgha.
  2829 | D:4      | Became a worshipper of Cheibriados the Contemplative
  2876 | D:4      | Noticed an ogre
  2883 | D:4      | Killed an ogre
  3020 | D:4      | Reached XP level 6. HP: 34/38 MP: 6/6
  3110 | D:4      | Reached skill level 4 in Maces & Flails
  3175 | D:4      | Noticed a phantom
  3210 | D:4      | Killed a phantom
  3516 | D:4      | Found a staircase to the Ecumenical Temple.
  3569 | D:5      | Entered Level 5 of the Dungeon
  3647 | D:5      | Reached XP level 7. HP: 35/43 MP: 7/7
  3652 | D:5      | Reached skill level 5 in Maces & Flails
  3918 | D:5      | Reached skill level 5 in Shields
  4009 | D:5      | Found a blossoming altar of Fedhas.
  4243 | D:5      | Found a burning altar of Makhleb.
  4243 | D:5      | Found an iron altar of Okawaru.
  4635 | D:6      | Reached skill level 6 in Maces & Flails
  4676 | D:6      | Slain by an orc warrior

Vault maps used:
D:1:      roderic_crossed_star, st_stairs_10
D:2:      trog_three_pillars_becter
D:3:      grunt_temple_overflow_forces_of_nature,
          grunt_dithmenos_smoke_and_mirrors
D:4:      grunt_temple_overflow_cloverleaf, temple_hall
D:5:      gammafunk_temple_overflow_elements, basic_altar, first_ration
D:6:      st_stairs_14

Skill      XL: |  1  2  3  4  5  6  7 |
---------------+----------------------+-----
Shields        | 4 5 |  5.4
Maces & Flails | 3 4 6 |  6.0
Dodging        | 1 |  1.3
Armour         | 4 |  4.8
Fighting       | 4 |  4.6
Stealth        | |  0.9

Action                   |  1- 3 |  4- 6 |  7- 9 || total
-------------------------+-------+-------+-------++-------
Melee: Flail             |   130 |   299 |   112 ||   541
  Use: Potion            |       |     2 |       ||     2
       Scroll            |       |     6 |       ||     6
  Eat: Chunk             |       |     9 |     3 ||    12
Armor: Scale mail        |    82 |    72 |       ||   154
       Plate armour      |       |    75 |    79 ||   154
Dodge: Dodged            |    61 |    59 |    19 ||   139
Block: Shield            |    87 |   113 |    63 ||   263

Table legend:
 A = Spawn XP
 B = Non-spawn XP
 C = Spawn XP percentage of total XP
 D = Spawn monster count
 E = Non-spawn monster count
 F = Spawn count percentage of total count
 G = Total turns spent on level
                    A         B        C        D         E        F      G
               +---------+---------+-------+---------+---------+-------+---------
         Total |       0 |    1165 |   0.0 |       0 |      87 |   0.0 |  4676
               +---------+---------+-------+---------+---------+-------+---------
           D:1 |       0 |      27 |   0.0 |       0 |      16 |   0.0 |   606
           D:2 |       0 |      86 |   0.0 |       0 |      27 |   0.0 |   936
           D:3 |       0 |      53 |   0.0 |       0 |      18 |   0.0 |  1044
           D:4 |       0 |     423 |   0.0 |       0 |      12 |   0.0 |   983
           D:5 |       0 |     320 |   0.0 |       0 |      11 |   0.0 |  1021
           D:6 |       0 |     256 |   0.0 |       0 |       3 |   0.0 |    86
               +---------+---------+-------+---------+---------+-------+---------
